 Dungeon Crawl Stone Soup version 0.30-a0-591-g3c58d2bc28 (webtiles) character file.

Game seed: 5644713018582155566

261 Dirtsage the Changer (level 6, 0/38 HPs)
             Began as an Octopode Transmuter on Jan 5, 2023.
             Slain by an orc priest
             ... wielding a +0 short sword
              (4 damage)
             ... on level 4 of the Dungeon.
             The game lasted 00:05:30 (2274 turns).

Dirtsage the Changer (Octopode Transmuter)          Turns: 2274, Time: 00:05:31

Health: 0/38       AC:  1    Str:  9    XL:     6   Next: 18%
Magic:  9/9        EV: 13    Int: 18    God:
Gold:   228        SH:  0    Dex: 12    Spells: 4/9 levels left

rFire   . . .      SeeInvis .    n - +4 dagger (elec)
rCold   . . .      Faith    .    (no shield)
rNeg    . . .      Spirit   .    (helmet currently unavailable)
rPois   .          Reflect  .    (no amulet)
rElec   .          Harm     .    (no ring)
rCorr   .          Rampage  .    (no ring)
Will    .....                    (no ring)
Stlth   ++                       (no ring)
HPRegen 0.26/turn                (no ring)
MPRegen 0.11/turn                (no ring)
                                 (no ring)
                                 (no ring)

@: appendages (expiring)
A: tentacle spike 3, almost no armour, amphibious, 8 rings, camouflage 1,
gelatinous body 1, (nimble swimmer 1), tentacles
a: End Transformation


You were on level 4 of the Dungeon.
One of your tentacles had grown a beastly spike.
You visited 1 branch of the dungeon, and saw 4 of its levels.

You collected 228 gold pieces.

Inventory:

Hand Weapons
 n - a +4 dagger of electrocution (weapon)
Scrolls
 b - 3 scrolls of identify {unknown}
 c - a scroll of fog {unknown}
 e - a scroll of immolation {unknown}
 f - a scroll of enchant armour {unknown}
 g - a scroll of torment {unknown}
 i - 2 scrolls of amnesia {unknown}
 j - 2 scrolls of magic mapping {unknown}
 q - a scroll of fear {unknown}
Potions
 a - a potion of lignification
 d - a potion of flight {unknown}
 h - 2 potions of curing {unknown}
 k - a potion of mutation {unknown}
 l - a potion of heal wounds
 m - a potion of invisibility {unknown}
 o - a potion of brilliance {unknown}
 p - a potion of degeneration {unknown}


   Skills:
 - Level 1.0 Fighting
 - Level 2.0 Dodging
 - Level 3.0 Unarmed Combat
 - Level 2.0 Spellcasting
 * Level 4.6 Transmutations
 * Level 4.0 Ice Magic


You had 4 spell levels left.
You knew the following spells:

 Your Spells              Type           Power      Damage    Failure   Level
a - Beastly Appendage     Tmut           36%        N/A       2%          1
b - Ice Form              Ice/Tmut       17%        N/A       30%         4

Your spell library contained the following spells:

 Spells                   Type           Power      Damage    Failure   Level
 Wereblood                Tmut           18%        N/A       4%          2
 Spider Form              Tmut/Pois      10%        N/A       22%         3
 Hailstorm                Conj/Ice       9%         3d4       24%         3
 Ignite Poison            Fire/Tmut/Pois 7%         N/A       28%         3
 Kindle Blastsparks       Fire/Tloc/Air  2%         2d10      47%         3
 Animate Dead             Necr           1%         N/A       87%         4
 Freezing Cloud           Conj/Ice/Air   3%         6-21      96%         5
 Simulacrum               Ice/Necr       4%         N/A       100%        6
 Haunt                    Necr/Summ      0%         N/A       100%        7
 Infestation              Necr           0%         N/A       100%        8


Dungeon Overview and Level Annotations

Branches:
Dungeon (4/15)
 Temple: D:4-7

Altars:
Dithmenos


Innate Abilities, Weirdness & Mutations

One of your tentacles has grown a beastly spike.
You cannot wear most types of armour.
You are amphibious.
You can wear up to eight rings at the same time.
Your skin changes colour to match your surroundings (Stealth+).
Your rubbery body absorbs attacks. (AC +1, EV +1)
((You are camouflaged when in or above water. (Stealth+)))
You have tentacles for arms and can constrict up to eight enemies at once.


Message History

You feel a bit more experienced.
An orc priest comes into view. It is wielding a +0 short sword.
You have reached level 6!
You regained 2 hp, and now have 12/38 hp.
MP restored: 9 You hit the orc priest.
Lightning courses through the orc priest!!
You kill the orc priest!
Your Ice Magic skill increases to level 4!
You hit the orc priest but do no damage.
You grab the orc priest.
Your tentacle spike misses the orc priest.
You squeeze the orc priest, but do no damage.
You constrict the orc priest, but do no damage.
The orc priest escapes!
You closely miss the orc priest. Your grab misses the orc priest.
You pierce the orc priest, but do no damage.
Your squeeze misses the orc priest.
The orc priest hits you with a +0 short sword.
* * * LOW HITPOINT WARNING * * *
You take 5 damage, and have 8/38 hp.
You hit the orc priest. Your grab misses the orc priest.
The orc priest is moderately wounded.
Your transformation is almost over.
The orc misses you.
The orc priest hits you with a +0 short sword.
* * * LOW HITPOINT WARNING * * *
You take 4 damage, and have 4/38 hp.
You hit the orc priest. You grab the orc priest.
The orc priest is heavily wounded.
You constrict the orc priest, but do no damage.
The orc closely misses you.
The orc priest hits you with a +0 short sword.
* * * LOW HITPOINT WARNING * * *
You hit the orc priest but do no damage.
You pierce the orc priest.
The orc priest is heavily wounded.
You constrict the orc priest. The orc barely misses you.
The orc priest hits you with a +0 short sword.
You die...

#.....#
#.##.o# #.
##.## # #..#
#####.##.o#
#.....#...#
#....###
#.##†#
##.@o.#
#.>o### .
#...#.#
....###.##
##...[...###
#####.#.).#
#.###.####
#.
#....######
#.
#..[......#


You could see an orc priest and an orc.

Vanquished Creatures
  Eustachio (D:3)
  An orc priest (D:4)
  An orc wizard (D:4)
  An adder (D:2)
  2 worms
  A dart slug (D:4)
  6 orcs
  2 ball pythons
  4 bats
  5 endoplasms
  2 giant cockroaches
  3 goblins
  5 hobgoblins
  2 quokkas (D:1)
  3 frilled lizards
  9 kobolds
  4 rats
52 creatures vanquished.

Vanquished Creatures (others)
  A plant (D:4)
1 creature vanquished.

Grand Total: 53 creatures vanquished

Notes
Turn   | Place    | Note
-------+----------+-------------------------------------------
     0 | D:1      | Dirtsage the Octopode Transmuter began the quest for the
                  | Orb.
     0 | D:1      | Reached XP level 1. HP: 13/13 MP: 3/3
   130 | D:1      | Reached skill level 1 in Ice Magic
   130 | D:1      | Reached XP level 2. HP: 17/18 MP: 5/5
   501 | D:1      | Reached XP level 3. HP: 21/23 MP: 6/6
  1604 | D:3      | Found a faded altar of an unknown god.
  1823 | D:3      | Reached XP level 4. HP: 23/28 MP: 7/7
  1833 | D:3      | Learned a level 4 spell: Ice Form
  1903 | D:3      | Found a shadowy altar of Dithmenos.
  2150 | D:4      | Noticed Eustachio
  2163 | D:3      | HP: 1/28 [Eustachio/+0 rapier (2)]
  2173 | D:3      | Killed Eustachio
  2174 | D:3      | Reached XP level 5. HP: 28/33 MP: 8/8
  2266 | D:4      | HP: 1/33 [orc priest/nerve-wracking pain (7)]
  2269 | D:4      | Reached XP level 6. HP: 12/38 MP: 9/9
  2274 | D:4      | Slain by an orc priest

Illustrated notes

Levels and vault maps discovered:
D:1:      amcnicky_arrival_blooded_trapdoor, layout_loops_cross
D:2:      layout_basic
D:3:      layout_loops_ring, overflow_temple_1_default,
          ebering_ecumenical_altar_webs
D:4:      layout_rooms, gammafunk_temple_overflow_forgotten,
          minmay_strange_pillars, chequers_serial_rivers_large_a,
          chequers_avenue, uniq_eustachio

Skill      XL: |  1  2  3  4  5  6 |
---------------+-------------------+-----
Ice Magic      | 1 2 3 4 |  4.0
Transmutations | 3 4 |  4.6
Fighting       | |  1.0
Dodging        | |  2.0
Unarmed Combat | |  3.0
Spellcasting   | |  2.0

Action                   |  1- 3 |  4- 6 || total
-------------------------+-------+-------++-------
Melee: Unarmed           |    95 |     5 ||   100
       Constrict         |    23 |     8 ||    31
       Tentacles         |    16 |     6 ||    22
       Punch             |     5 |     2 ||     7
       Kick              |     7 |    10 ||    17
       Dagger            |       |    44 ||    44
 Cast: Beastly Appendage |     8 |     3 ||    11
  Use: Potion            |       |     3 ||     3
 Stab: Sleeping          |     7 |     1 ||     8
Armor: Skin              |     5 |     1 ||     6
Dodge: Dodged            |    54 |    33 ||    87

Table legend: (Time is in decaauts)
 A = Elapsed time spent in this place.
 B = Non-inter-level travel time spent in this place.
 C = Inter-level travel time spent in this place.
 D = Time resting spent in this place.
 E = Time spent auto-exploring this place.
 F = Levels seen in this place.
 G = Mean time per level.
                   A        B        C        D        E       F      G
               +--------+--------+--------+--------+--------+-----+--------+
         Total |   2269 |   2224 |     45 |      0 |   1814 |   4 |  567.2 |
       Dungeon |   2269 |   2224 |     45 |      0 |   1814 |   4 |  567.2 |
               +--------+--------+--------+--------+--------+-----+--------+

Top non-repeatable levels by time:
     D:1: 745 daAuts
     D:2: 738 daAuts
     D:3: 683 daAuts
     D:4: 101 daAuts
